 Dungeon Crawl Stone Soup version 0.29.1-1-gd02db6906a (webtiles) character file.

Game seed: 9062804883957641968

450 safid the Skirmisher (level 6, -17/51 HPs)
             Began as a Minotaur Hunter on Oct 7, 2022.
             Demolished by an ogre
             ... wielding a +0 giant spiked club
              (28 damage)
             ... on level 5 of the Dungeon.
             The game lasted 00:05:05 (3718 turns).

safid the Skirmisher (Minotaur Hunter)              Turns: 3718, Time: 00:05:05

Health: -17/51     AC: 14    Str: 15    XL:     6   Next: 74%
Magic:  5/5        EV:  7    Int:  2    God:
Gold:   125        SH:  0    Dex: 18    Spells: 5/5 levels left

rFire   + + .      SeeInvis .   a - +0 shortbow
rCold   . . .      Faith    .   (shield currently unavailable)
rNeg    . . .      Spirit   .   w - +5 chain mail of Carved Fun {Fly rF+ Int-4 Dex+2}
rPois   .          Reflect  .   (helmet restricted)
rElec   .          Harm     .   g - +0 cloak
rCorr   +          Rampage  .   (no gloves)
Will    .....                   (no boots)
Stlth   ..........              (no amulet)
HPRegen 0.17/turn               v - ring of protection from fire
MPRegen 0.09/turn               c - ring of resist corrosion

@: flying
A: horns 2, retaliatory headbutt
a: no special abilities


You were on level 5 of the Dungeon.
You visited 1 branch of the dungeon, and saw 5 of its levels.

You collected 245 gold pieces.
You spent 120 gold pieces at shops.

Inventory:

Hand Weapons
 a - a +0 shortbow (weapon)
Armour
 g - a +0 cloak (worn)
 w - the +5 chain mail of Carved Fun (worn) {Fly rF+ Int-4 Dex+2}
   (You found it on level 3 of the Dungeon)

   Int:       It affects your intelligence (-4).
   Dex:       It affects your dexterity (+2).
   rF:        It protects you from fire.
   Fly:       It grants you flight.
Jewellery
 c - a ring of resist corrosion (right hand)
 v - a ring of protection from fire (left hand)
Wands
 n - a wand of light (6)
 r - a wand of flame (2)
 y - a wand of paralysis (5)
Scrolls
 b - 2 scrolls of immolation
 e - a scroll of fear {unknown}
 h - a scroll of amnesia {unknown}
 j - 3 scrolls of enchant armour {unknown}
 l - 8 scrolls of identify
 o - 4 scrolls of teleportation
 p - a scroll of noise {unknown}
 q - a scroll of magic mapping {unknown}
 s - a scroll of blinking {unknown}
Potions
 d - a potion of brilliance {unknown}
 f - a potion of cancellation {unknown}
 i - 2 potions of attraction {unknown}
 k - 2 potions of resistance {unknown}
 m - 5 potions of curing {unknown}
 t - a potion of ambrosia {unknown}
 u - a potion of lignification {unknown}
 x - a potion of haste {unknown}


   Skills:
 - Level 3.0 Fighting
 + Level 8.8 Ranged Weapons
 - Level 2.1 Dodging
 - Level 0.7 Stealth


You had 5 spell levels left.
You didn't know any spells.
Your spell library contained the following spells:

 Spells                   Type           Power      Damage    Failure   Level
 Conjure Flame            Conj/Fire      0%         6-21      100%        3
 Ignite Poison            Fire/Tmut/Pois 0%         N/A       100%        3
 Sticky Flame             Conj/Fire      0%         2d3       100%        4


Dungeon Overview and Level Annotations

Branches:
Dungeon (5/15)
 Temple: D:4-7

Altars:
Makhleb
Xom

Shops:
D:1 (   D:4 ?=*


Innate Abilities, Weirdness & Mutations

You have a pair of horns on your head.
You reflexively headbutt those who attack you in melee.


Message History

There is a stone staircase leading down, spattered with blood here.
You fly downwards.
There is a stone staircase leading up here.
Found a club.
You see here a +0 club.
An ogre comes into view. It is wielding a +0 giant spiked club.
The ogre shouts!
An ogre is nearby!
You shoot an arrow. The arrow hits the ogre!
The ogre is moderately wounded.
You shoot an arrow. The arrow hits the ogre.
The ogre is heavily wounded.
You shoot an arrow.
The arrow hits the ogre but does no damage.
The ogre is heavily wounded.
You shoot an arrow. The arrow hits the ogre!
The ogre is almost dead.
The ogre hits you with a +0 giant spiked club.
You shoot an arrow.
The arrow hits the ogre but does no damage.
The ogre is almost dead.
The ogre hits you with a +0 giant spiked club!!
You are too injured to fight recklessly!
You are too injured to fight recklessly!
You are too injured to fight recklessly!
You are too injured to fight recklessly!
Unknown command.
Fire: a) +0 shortbow
Press: ? - help, Q - select action, (/) - cycle Shift-Dir - straight line, f/p - ogre
Aim: an ogre, wielding a +0 giant spiked club (almost dead, 79% to hit)
You shoot an arrow. The arrow completely misses the ogre.
The ogre hits you with a +0 giant spiked club!
* * * LOW HITPOINT WARNING * * *
Fire: a) +0 shortbow
Press: ? - help, Q - select action, (/) - cycle Shift-Dir - straight line, f/p - ogre
Aim: an ogre, wielding a +0 giant spiked club (almost dead, 79% to hit)
You shoot an arrow. The arrow barely misses the ogre.
The ogre hits you with a +0 giant spiked club!!
Ouch! That really hurt!
You die...

.. ..#.## ..#...
####....####
####...........
..............
#..O.........
#.@..........
########............
.......<.#.........#
#####....#.#)#####.
#.####.#.# #+ #.#.#
#.#.# #.### #.#


You could see an ogre.

Vanquished Creatures
  Menkaure (D:4)
  A necrophage (D:3)
  A crimson imp (D:3)
  A hound (D:4)
  Ijyb (D:3)
  An iguana (D:4)
  Robin (D:2)
  4 adders
  2 worms
  6 dart slugs
  An orc (D:3)
  8 ball pythons
  8 endoplasms
  5 giant cockroaches
  13 goblins
  12 hobgoblins
  8 kobolds
  2 quokkas
  3 bats
  4 frilled lizards
  8 rats
91 creatures vanquished.

Notes
Turn   | Place    | Note
-------+----------+-------------------------------------------
     0 | D:1      | safid the Minotaur Hunter began the quest for the Orb.
     0 | D:1      | Reached XP level 1. HP: 18/18 MP: 0/0
    75 | D:1      | Found Kuutse's Weapon Boutique.
    80 | D:1      | Reached XP level 2. HP: 20/25 MP: 1/1
   240 | D:1      | Reached skill level 5 in Ranged Weapons
   514 | D:1      | Reached XP level 3. HP: 31/31 MP: 2/2
   969 | D:2      | Found a faded altar of an unknown god.
  1036 | D:2      | Noticed Robin
  1057 | D:2      | Reached XP level 4. HP: 20/38 MP: 3/3
  1057 | D:2      | Killed Robin
  1058 | D:2      | Reached skill level 6 in Ranged Weapons
  1635 | D:3      | Noticed Ijyb
  1645 | D:3      | Killed Ijyb
  1995 | D:3      | Reached XP level 5. HP: 45/45 MP: 4/4
  2263 | D:3      | Found a burning altar of Makhleb.
  2287 | D:3      | Reached skill level 7 in Ranged Weapons
  2376 | D:3      | Found a shimmering altar of Xom.
  2777 | D:3      | Identified the +5 chain mail of Carved Fun {Fly rF+ Int-4
                  | Dex+2}
  2837 | D:4      | Noticed Menkaure
  2842 | D:4      | Killed Menkaure
  2843 | D:4      | Reached skill level 8 in Ranged Weapons
  2843 | D:4      | Reached XP level 6. HP: 10/51 MP: 5/5
  3110 | D:4      | Found Maqicuat's Magic Scroll Emporium.
  3149 | D:4      | Bought a scroll of teleportation for 30 gold pieces
  3149 | D:4      | Bought a scroll of identify for 20 gold pieces
  3149 | D:4      | Bought a scroll of identify for 20 gold pieces
  3149 | D:4      | Bought a scroll of teleportation for 30 gold pieces
  3149 | D:4      | Bought a scroll of identify for 20 gold pieces
  3264 | D:4      | Found Razackups's Assorted Antiques.
  3364 | D:4      | Found Werchety's Jewellery Boutique.
  3702 | D:5      | Entered Level 5 of the Dungeon
  3718 | D:5      | Demolished by an ogre

Illustrated notes

Levels and vault maps discovered:
D:1:      tarquinn_simple_flora_water_f, layout_rooms, serial_shops,
          nicolae_shop_bloodbath_and_beyond
D:2:      layout_loops_cross, shapermc_ecumenical_altar_notcrosses, uniq_robin
D:3:      layout_loops_ring, grunt_temple_overflow_champion_of_chaos,
          minmay_checkerbox, uniq_ijyb
D:4:      layout_loops_ring, serial_shops, shop_fountains, nicolae_diamond_shop,
          shop, uniq_menkaure
D:5:      layout_basic, gammafunk_temple_overflow_arena,
          nicolae_shop_sticking_my_neck_out

Skill      XL: |  1  2  3  4  5 |
---------------+----------------+-----
Fighting       | 3 |  3.0
Ranged Weapons | 5 6 8 |  8.8
Dodging        | |  2.1
Stealth        | |  0.7

Action                   |  1- 3 |  4- 6 || total
-------------------------+-------+-------++-------
 Fire: Shortbow          |   123 |   151 ||   274
Evoke: Wand              |       |     1 ||     1
Armor: Leather armour    |     8 |    10 ||    18
       Chain mail        |       |    17 ||    17
Dodge: Dodged            |    30 |    37 ||    67
